 Dungeon Crawl Stone Soup version 0.30-b1-2-g02819fbbbe (webtiles) character file.

Game seed: 10299923394768673502

26364 raph the Destroyer (level 12, 0/68 HPs)
             Began as a Deep Elf Conjurer on Aug 24, 2023.
             Was an Initiate of Gozag.
             Engulfed by a fire crab's flame (23 damage)
             ... on level 3 of the Lair of Beasts on Aug 25, 2023.
             The game lasted 00:38:50 (21686 turns).

raph the Destroyer (Deep Elf Conjurer)             Turns: 21686, Time: 00:38:50

Health: 0/68       AC: 10    Str: 10    XL:     12   Next: 97%
Magic:  21/29      EV: 16    Int: 29    God:    Gozag
Gold:   1392       SH:  5    Dex: 17    Spells: 2/33 levels left

rFire   . . .        a - staff of conjuration "Lenedd" {Drain rCorr Str+3}
rCold   . . .        F - +0 buckler
rNeg    . . .        B - +0 steam dragon scales
rPois   .            p - +0 helmet
rElec   .            c - +0 cloak
rCorr   +            H - +0 pair of gloves
SInv    +            j - +1 pair of boots
Will    +....        o - amulet of regeneration
Stlth   ++++         l - ring "Ushul" {Str+3 Dex+4 SInv}
HPRegen 1.11/turn    I - ring of resist corrosion
MPRegen 0.21/turn

%: no passive effects
@: no status effects
A: no striking features
a: Renounce Religion, Potion Petition, Call Merchant, Bribe Branch


You were on level 3 of the Lair of Beasts.
You worshipped Gozag.
Gozag was most pleased with you.
You visited 3 branches of the dungeon, and saw 14 of its levels.

You collected 2945 gold pieces.
You spent 1471 gold pieces at shops.
You paid 82 gold pieces to Gozag.

Inventory:

Missiles
 d - 37 poisoned darts
 L - a throwing net
 P - a curare-tipped dart
Armour
 c - a +0 cloak (worn)
 j - a +1 pair of boots (worn)
 p - a +0 helmet (worn)
 w - a +2 robe of willpower
 B - +0 steam dragon scales (worn)
 F - a +0 buckler (worn)
 H - a +0 pair of gloves (worn)
Magical Staves
 a - the staff of conjuration "Lenedd" (weapon) {Drain rCorr Str+3}
   (You acquired it on level 1 of the Lair of Beasts)

   [staff of conjuration]

   Base accuracy: +5 Base damage: 5 Base attack delay: 1.2 This weapon's minimum
   attack delay (0.6) is reached at skill level 12.
   Str:       It affects your strength (+3).
   rCorr:     It protects you from acid and corrosion.
   Drain:     It drains your maximum health when unequipped.
   It falls into the 'Staves' category.
   It is a one-handed weapon.
Jewellery
 l - the ring "Ushul" (left hand) {Str+3 Dex+4 SInv}
   (You found it on level 3 of the Dungeon)

   [ring of see invisible]

   Str:       It affects your strength (+3).
   Dex:       It affects your dexterity (+4).
   SInv:      It lets you see invisible.
 o - an amulet of regeneration (around neck)
 y - a ring of positive energy
 z - a ring of willpower
 I - a ring of resist corrosion (right hand)
 O - a ring of ice
 Q - an amulet of reflection
Wands
 f - a wand of charming (7)
 t - a wand of quicksilver (11)
 J - a wand of flame (58)
 R - a wand of mindburst (12)
Scrolls
 h - a scroll of teleportation
 i - a scroll of blinking
 n - 4 scrolls of poison
 s - 3 scrolls of immolation
 u - 4 scrolls of fear
 A - a scroll of amnesia
 N - 3 scrolls of identify
 T - a scroll of fog
Potions
 b - 2 potions of magic
 e - 4 potions of mutation
 g - 4 potions of flight
 k - 8 potions of curing
 m - 3 potions of might
 q - 2 potions of cancellation
 r - 4 potions of haste
 v - 3 potions of lignification
 x - 2 potions of brilliance
 C - 3 potions of attraction
 D - 3 potions of ambrosia
 E - 8 potions of heal wounds
 G - 2 potions of resistance
 K - a potion of invisibility
Miscellaneous
 M - a box of beasts
 S - a lightning rod (4/4)


   Skills:
 + Level 5.6 Fighting
 + Level 2.7 Staves
 + Level 8.6 Dodging
 + Level 9.3 Stealth
 - Level 3.6 Shields
 + Level 11.3 Spellcasting
 * Level 14.0 Conjurations
 - Level 8.5 Hexes
 * Level 7.7 Fire Magic
 + Level 3.1 Evocations


You had 2 spell levels left.
You knew the following spells:

 Your Spells              Type           Power      Damage    Failure   Level
a - Magic Dart            Conj           100%       1d8       0%          1
b - Starburst             Conj/Fire      44%        6d12      8%          6
c - Dazzling Flash        Conj/Hex       100%       N/A       1%          3
d - Fulminant Prism       Conj/Hex       44%        3d19      1%          4
e - Iskenderun's Mystic   Conj/Tloc      72%        2d15      2%          4
f - Fireball              Conj/Fire      44%        3d18      1%          5
g - Iskenderun's Battles  Conj           98%        2d14      1%          5
h - Mephitic Cloud        Conj/Pois/Air  60%        N/A       1%          3

Your spell library contained the following spells:

 Spells                   Type           Power      Damage    Failure   Level
 Foxfire                  Conj/Fire      100%       2x1d9     1%          1
 Shock                    Conj/Air       100%       1d9       1%          1
 Searing Ray              Conj           100%       2d8       1%          2
 Summon Small Mammal      Summ           64%        N/A       4%          1
 Call Imp                 Summ           32%        N/A       7%          2
 Lesser Beckoning         Tloc           32%        N/A       7%          2
 Tukima's Dance           Hex            60%        N/A       1%          3
 Summon Guardian Golem    Hex/Summ       41%        N/A       2%          3
 Volatile Blastmotes      Fire/Tloc      78%        2d16      2%          3
 Arcjolt                  Conj/Air       36%        1d46      7%          5
 Irradiate                Conj/Tmut      36%        3d23      7%          5
 Call Canine Familiar     Summ           16%        N/A       14%         3
 Frozen Ramparts          Ice            32%        1d5       14%         3
 Gell's Gravitas          Tloc           16%        N/A       14%         3
 Swiftness                Air            16%        N/A       14%         3
 Teleport Other           Tloc           16%        N/A       14%         3
 Vhi's Electric Charge    Tloc/Air       32%        N/A       14%         3
 Silence                  Hex/Air        20%        N/A       22%         5
 Yara's Violent Unravell  Hex/Tmut       20%        3d9       22%         5
 Airstrike                Air            8%         2d(2-18)  41%         4
 Ice Form                 Ice/Tmut       16%        N/A       41%         4
 Passage of Golubria      Tloc           16%        N/A       41%         4
 Summon Ice Beast         Ice/Summ       16%        N/A       41%         4
 Agony                    Necr           16%        N/A       77%         5
 Borgnjor's Vile Clutch   Necr/Erth      8%         N/A       77%         5
 Plasma Beam              Fire/Air       19%        2x1d34    82%         6
 Dispersal                Tloc           8%         N/A       100%        6
 Lehudib's Crystal Spear  Conj/Erth      36%        10d9      100%        8


Dungeon Overview and Level Annotations

Branches:
Dungeon (10/15)            Temple (1/1) D:4            Lair (3/5) D:9
  Swamp (0/4) Lair:2        Snake (0/4) Lair:3          Orc (0/2) D:9

Altars:
Ashenzari
Cheibriados
Dithmenos
Elyvilon
Fedhas
Gozag
Hepliaklqana
Kikubaaqudgha
Makhleb
Nemelex Xobeh
Okawaru
Qazlal
Ru
Sif Muna
Trog
Uskayaw
Vehumet
Wu Jian
Xom
Yredelemnul
Zin
The Shining One

Shops:
D:1 ?   D:5 :   D:8 [!:(

Annotations:
Lair:3 3 runed translucent doors, dragonscale333's ghost, journeyman DsIE


Message History

You enter the shallow water.
Moving in this stuff is going to be slow.
Casting: Iskenderun's Battlesphere (dangerous; 1% risk of failure)
Confirm with . or Enter, or press ? or * to list all spells.
You feel a surge of power!
You conjure a globe of magical energy.
As you open the door, it creaks loudly! The fire crab breathes flames at you.
You are engulfed in blazing flames.
Your battlesphere is engulfed in blazing flames. x2
You swap places.
You are engulfed in blazing flames.
Your battlesphere is engulfed in blazing flames. x2
Casting: Iskenderun's Battlesphere (dangerous; 1% risk of failure)
Confirm with . or Enter, or press ? or * to list all spells.
Aiming: Magic Dart (safe; 0% risk of failure)
Press: ? - help, Shift-Dir - straight line, f - fire crab
Aim: a fire crab (100% to hit)
You feel a surge of power!
The magic dart hits the fire crab.
The fire crab is lightly wounded.
Your battlesphere fires!
The barrage of energy hits the fire crab!
The fire crab is heavily wounded.
The fire crab breathes flames at you.
Your battlesphere is engulfed in blazing flames.
Casting: Magic Dart (safe; 0% risk of failure)
Confirm with . or Enter, or press ? or * to list all spells.
Okay, then.
Casting: Magic Dart (safe; 0% risk of failure)
Confirm with . or Enter, or press ? or * to list all spells.
Aiming: Fulminant Prism (safe; 1% risk of failure)
Press: ? - help, Dir - move target, p - fire crab You feel a surge of power!
You conjure a prism of explosive energy!
A fulminant prism comes into view.
You are engulfed in blazing flames.
Your battlesphere fires!
The barrage of energy hits the fire crab!!
The fire crab is almost dead.
You are engulfed in blazing flames.
You die...
Your body crumbles into a pile of gold.

#..# #.# #.#... ### ##.# #.#
##.... ..#### ##.# #t# #.....
##...###..# #.####....
##...##P..# #°##......
..P.......# #.##......
..........##############'##......
#P..............°#°°.*.#.###.....
###............<@°°..○t..##......
#..............#°°°*...###......
###...........##°°#########.....
#...........###.#..#.#..#.....
##..........#######.:?!.##.....
##.#...........## #.......#.....
##.##.....##.....####ZZ...##.....
.#.###....#........#WZZZ...#.....
...##.....#........###+++###.#...


You could see a fire crab (ally target), a friendly fulminant prism and a
friendly battlesphere.

Vanquished Creatures
  2 hydras (Lair:3)
  A centaur warrior (D:8)
  A boulder beetle (Lair:2)
  2 two-headed ogres (D:10)
  A skyshark (Lair:2)
  A skeletal warrior (D:8)
  2 bog bodies (Lair:2)
  A lindwurm (Lair:3)
  2 black mambas
  A gargoyle (D:9)
  7 cane toads
  An unseen horror (D:8)
  A rime drake (Lair:3)
  4 komodo dragons
  A troll (D:8)
  A polar bear (Lair:3)
  A hornet (Lair:1)
  9 blink frogs (Lair:3)
  A slime creature (D:8)
  A shadow (D:10)
  8 wyverns
  A spriggan (Lair:3)
  2 wraiths
  31 yaks
  Eustachio (D:5)
  Menkaure (D:6)
  A steam dragon (D:8)
  4 basilisks
  3 nagas (Lair:3)
  2 acid dragons
  5 water moccasins
  A sky beast (D:8)
  4 orc warriors
  9 black bears
  An ice beast (D:5)
  2 centaurs
  8 wolves
  2 phantoms
  4 bullfrogs
  3 kobold brigands
  5 scorpions
  3 wights (D:8)
  8 killer bees
  12 howler monkeys
  4 orc priests
  Crazy Yiuf (D:5)
  3 jellies
  5 iguanas
  13 orc wizards
  5 hell rats (Lair:2)
  Terence (D:3)
  Robin (D:3)
  6 adders
  A white imp (D:7)
  3 ufetubi
  3 worms
  6 dart slugs
  48 orcs
  4 endoplasms
  3 giant cockroaches
  16 goblins
  11 hobgoblins
  5 jackals
  17 kobolds
  2 quokkas (D:1)
  8 ball pythons
  6 bats
  2 frilled lizards (D:1)
  3 rats
  A bush (Lair:3)
340 creatures vanquished.

Vanquished Creatures (others)
  33 fulminant prisms
  27 fungi
  41 plants
101 creatures vanquished.

Grand Total: 441 creatures vanquished

Notes
Turn   | Place    | Note
-------+----------+-------------------------------------------
     0 | D:1      | raph the Deep Elf Conjurer began the quest for the Orb.
     0 | D:1      | Reached XP level 1. HP: 10/10 MP: 6/6
   405 | D:1      | Reached XP level 2. HP: 15/15 MP: 6/8
   430 | D:1      | Learned a level 2 spell: Searing Ray
   529 | D:1      | Reached skill level 5 in Conjurations
   784 | D:1      | Found The Oracle's Delphic Readings.
   794 | D:1      | Bought a scroll of identify for 24 gold pieces
  1001 | D:1      | Found a faded altar of an unknown god.
  1228 | D:1      | Reached XP level 3. HP: 19/19 MP: 5/9
  1999 | D:2      | Learned a level 3 spell: Dazzling Flash
  2320 | D:2      | Reached skill level 6 in Conjurations
  2401 | D:2      | Found a basalt altar of Yredelemnul.
  2813 | D:1      | Bought a scroll of teleportation for 36 gold pieces
  3055 | D:3      | Noticed Terence
  3063 | D:3      | Reached XP level 4. HP: 24/24 MP: 3/10
  3063 | D:3      | Killed Terence
  3180 | D:2      | Learned a level 4 spell: Fulminant Prism
  3342 | D:3      | Noticed Robin
  3348 | D:3      | Reached skill level 1 in Hexes
  3764 | D:3      | Identified the ring "Ushul" {Str+3 Dex+4 SInv}
  3788 | D:3      | Killed Robin
  3789 | D:3      | Reached XP level 5. HP: 28/28 MP: 3/12
  4197 | D:4      | Found a snail-covered altar of Cheibriados.
  4381 | D:4      | You fall into a shaft and drop 1 floor!
  4381 | D:5      | Entered Level 5 of the Dungeon
  4381 | D:5      | Found a basalt altar of Yredelemnul.
  4383 | D:5      | Noticed a phantom
  4395 | D:5      | Killed a phantom
  4396 | D:5      | Reached skill level 7 in Conjurations
  4396 | D:5      | Reached XP level 6. HP: 28/32 MP: 5/14
  4518 | D:5      | Noticed an ice beast
  4539 | D:5      | Killed an ice beast
  5118 | D:4      | Found a staircase to the Ecumenical Temple.
  5123 | Temple   | Entered the Ecumenical Temple
  5180 | Temple   | Became a worshipper of Gozag Ym Sagoz the Greedy
  5403 | D:4      | Reached skill level 5 in Spellcasting
  5403 | D:4      | Reached XP level 7. HP: 33/36 MP: 6/16
  5682 | D:4      | Learned a level 4 spell: Iskenderun's Mystic Blast
  5695 | D:4      | Reached skill level 5 in Hexes
  5895 | D:5      | Reached skill level 8 in Conjurations
  5995 | D:5      | Noticed Eustachio
  6347 | D:5      | Killed Eustachio
  6445 | D:5      | Found a runed translucent door.
  6446 | D:5      | Noticed Crazy Yiuf
  6471 | D:5      | Reached XP level 8. HP: 41/41 MP: 12/18
  6554 | D:5      | Found Zyhot's Book Emporium.
  6749 | D:5      | Found a radiant altar of Vehumet.
  6868 | D:5      | Killed Crazy Yiuf
  6947 | D:6      | Noticed Menkaure
  6984 | D:6      | Killed Menkaure
  6985 | D:6      | Reached skill level 9 in Conjurations
  7945 | D:6      | Got the Folio of the Scintillating Mantle
  8294 | D:6      | Learned a level 5 spell: Fireball
  8533 | D:7      | Reached XP level 9. HP: 39/46 MP: 9/21
  8552 | D:6      | Reached skill level 1 in Fighting
  8552 | D:6      | Reached skill level 1 in Shields
  8560 | D:6      | Reached skill level 1 in Fire Magic
  9151 | D:7      | Reached skill level 10 in Conjurations
  9342 | D:7      | Identified the +0 robe "Juerr" {rN+}
 10034 | D:8      | Noticed a centaur warrior
 10034 | D:8      | Found Xos Sare's Armour Shop.
 10671 | D:8      | Noticed a troll
 10681 | D:8      | Killed a troll
 10895 | D:8      | Noticed an unseen horror
 10902 | D:8      | Noticed a skeletal warrior
 10969 | D:8      | Killed an unseen horror
 10970 | D:8      | Reached XP level 10. HP: 34/54 MP: 2/24
 11186 | D:8      | Found an ornate altar of the Wu Jian Council.
 11243 | D:8      | Killed a centaur warrior
 11244 | D:8      | Reached skill level 5 in Stealth
 11400 | D:8      | Reached skill level 11 in Conjurations
 11589 | D:8      | Killed a skeletal warrior
 11590 | D:8      | Reached skill level 5 in Dodging
 11662 | D:8      | Found a stormy altar of Qazlal.
 12078 | D:8      | Found Jiegrib's Book Boutique.
 12084 | D:8      | Found Meet's Distillery.
 12084 | D:8      | Found Zasiull's Distillery.
 12104 | D:8      | Bought a potion of cancellation for 120 gold pieces
 12104 | D:8      | Bought a potion of heal wounds for 75 gold pieces
 12104 | D:8      | Bought a potion of heal wounds for 75 gold pieces
 12104 | D:8      | Bought 2 potions of heal wounds for 150 gold pieces
 12104 | D:8      | Bought a potion of flight for 45 gold pieces
 12104 | D:8      | Bought a potion of brilliance for 60 gold pieces
 12104 | D:8      | Bought a potion of curing for 45 gold pieces
 12110 | D:8      | Bought a potion of heal wounds for 70 gold pieces
 12110 | D:8      | Bought a potion of heal wounds for 70 gold pieces
 12110 | D:8      | Bought a potion of resistance for 140 gold pieces
 12110 | D:8      | Bought a potion of invisibility for 112 gold pieces
 12243 | D:8      | Found an iron altar of Okawaru.
 12286 | D:8      | Found Qiyd Bovos's Weapon Boutique.
 12468 | D:9      | Found a staircase to the Orcish Mines.
 12621 | D:9      | Found a sparkling altar of Nemelex Xobeh.
 13111 | D:9      | Learned a level 5 spell: Iskenderun's Battlesphere
 13607 | D:9      | Found a hazy altar of Hepliaklqana.
 13687 | D:9      | Found a staircase to the Lair.
 13960 | D:9      | Noticed a gargoyle
 13967 | D:9      | Killed a gargoyle
 14108 | D:9      | Reached XP level 11. HP: 60/60 MP: 4/26
 14460 | D:9      | Learned a level 3 spell: Mephitic Cloud
 14479 | D:10     | Entered Level 10 of the Dungeon
 14775 | D:10     | Noticed a two-headed ogre
 14778 | D:10     | Killed a two-headed ogre
 14779 | D:10     | Reached skill level 12 in Conjurations
 15165 | D:10     | Reached skill level 5 in Fire Magic
 15796 | D:10     | Noticed a two-headed ogre
 15804 | D:10     | Killed a two-headed ogre
 15939 | Lair:1   | Entered Level 1 of the Lair of Beasts
 16591 | Lair:1   | Reached skill level 10 in Spellcasting
 16741 | Lair:1   | Identified a scroll of acquirement
 16742 | Lair:1   | Acquired the staff of conjuration "Lenedd" {Drain rCorr
                  | Str+3}
 17060 | Lair:1   | Identified the +0 pair of gloves "Papyqe" {Rampage}
 17466 | D:1      | Bought a scroll of blinking for 90 gold pieces
 17651 | D:8      | Bought a potion of curing for 42 gold pieces
 17651 | D:8      | Bought a potion of resistance for 140 gold pieces
 17663 | D:8      | Bought a +2 robe of willpower for 177 gold pieces
 18093 | Lair:2   | Reached skill level 13 in Conjurations
 18118 | Lair:2   | Noticed a skyshark
 18360 | Lair:2   | Killed a skyshark
 18361 | Lair:2   | Reached XP level 12. HP: 57/67 MP: 2/28
 18818 | Lair:2   | Reached skill level 5 in Fighting
 19011 | Lair:2   | Reached skill level 1 in Evocations
 19058 | Lair:2   | Found a staircase to the Swamp.
 19223 | Lair:2   | Reached skill level 1 in Staves
 19225 | Lair:2   | Noticed a boulder beetle
 19252 | Lair:2   | Killed a boulder beetle
 19546 | Lair:2   | Learned a level 6 spell: Starburst
 19875 | Lair:3   | Noticed a seven-headed hydra
 19879 | Lair:3   | Killed a seven-headed hydra
 20452 | Lair:3   | Found a runed translucent door.
 20512 | Lair:3   | Found a runed translucent gate.
 20512 | Lair:3   | Found a runed translucent gate.
 20513 | Lair:3   | Found a runed translucent gate.
 20515 | Lair:3   | Noticed dragonscale333's ghost (journeyman DsIE)
 20678 | Lair:3   | Noticed a five-headed hydra
 20682 | Lair:3   | Killed a five-headed hydra
 20968 | Lair:3   | Reached skill level 14 in Conjurations
 21220 | Lair:3   | Found a staircase to the Snake Pit.
 21686 | Lair:3   | Engulfed by a fire crab's flame

Illustrated notes

Levels and vault maps discovered:
D:1:      amcnicky_arrival_gap_in_the_tavern_cellar, layout_loops_corners,
          chequers_ecumenical_altar_island, nicolae_nh_oracle_at_delphi
D:2:      layout_basic, basic_altar, nicolae_eternal_life
D:3:      layout_rooms, uniq_robin, uniq_terence
D:4:      layout_basic, slow_altar_1, temple_doors_e
D:5:      layout_rooms, mainiacjoe_overflow_tiny_flanked, marbit_many_paths,
          serial_shops, nicolae_shop_rolling_square, corexii_shack,
          uniq_crazy_yiuf_cottage, uniq_eustachio
D:6:      layout_basic, uniq_menkaure
D:7:      layout_rooms, serial_bayou_crossing
D:8:      minmay_diamond_stairs, layout_cave_pools,
          nicolae_wu_jian_wuxing_cycle, lemuel_coloured_pillars_altar,
          overflow_temple_1_default, enter_ossuary_5, serial_shops,
          nicolae_shop_tiny_real_fake_doors, minmay_crystal_room,
          nicolae_shop_national_dungeon_mall, minmay_statues_item
D:9:      hellmonk_destroyed_diamonds, layout_loops_ring,
          nemelex_xobeh_ov_fountains_minmay, old_standard_altar,
          grunt_lair_entry_orc_guard_hut, mrwooster_statue_mirror,
          minmay_misc_feat_roman
D:10:     layout_cave_pods
Temple:   zaba_magenta_temple
Lair:1:   layout_roguey, st_stairs_5
Lair:2:   layout_roguey, skrybe_swamp_entry_bodies, gauntlet_entry_generic,
          beast_lair_carwin_9, serial_bayou_shore_b
Lair:3:   gammafunk_mikee_crab_dinner, layout_cave_pods,
          nicolae_snake_entry_squirm, gammafunk_ghost_necromancy,
          nicolae_lair_lil_pond, chequers_serial_rivers_small_b,
          chequers_serial_rivers_micro_a, grunt_forest_stairs_clearing

Skill      XL: |  1  2  3  4  5  6  7  8  9 10 11 12 |
---------------+-------------------------------------+-----
Conjurations   | 5 6 7 8 9 10 11 13 14 | 14.0
Hexes          | 1 3 4 6 8 |  8.5
Spellcasting   | 4 5 7 8 9 10 11 | 11.3
Stealth        | 3 4 6 8 9 |  9.3
Dodging        | 3 4 6 7 8 |  8.6
Fighting       | 2 3 4 5 |  5.6
Shields        | 2 3 |  3.6
Fire Magic     | 3 4 6 7 |  7.7
Evocations     | 3 |  3.1
Staves         | 2 |  2.7

Action                     |  1- 3 |  4- 6 |  7- 9 | 10-12 || total
---------------------------+-------+-------+-------+-------++-------
  Melee: Dagger            |     2 |     1 |    36 |    17 ||    56
  Throw: Dart              |       |       |       |     1 ||     1
   Cast: Magic Dart        |    20 |    11 |     5 |   140 ||   176
         Searing Ray       |    28 |    29 |    43 |     1 ||   101
         Fulminant Prism   |       |     7 |    21 |     6 ||    34
         Iskenderun's Myst |       |       |    19 |    30 ||    49
         Dazzling Flash    |       |       |     2 |       ||     2
         Fireball          |       |       |    13 |    89 ||   102
         Iskenderun's Batt |       |       |       |    50 ||    50
         Starburst         |       |       |       |     1 ||     1
  Evoke: Wand              |       |       |     1 |       ||     1
    Use: Scroll            |    10 |     4 |    10 |     6 ||    30
         Potion            |       |       |     2 |     3 ||     5
   Stab: Sleeping          |     1 |       |       |       ||     1
         Invisible         |       |       |     1 |       ||     1
 Armour: Robe              |     2 |    10 |    25 |     5 ||    42
  Dodge: Dodged            |    10 |     9 |    49 |    23 ||    91
  Block: Buckler           |       |       |     9 |     6 ||    15
